 Dungeon Crawl Stone Soup version 0.26-a0-466-g989023bd0d (webtiles) character file.

Game seed: 13016587886483976165

690 vurker the Skirmisher (level 7, -8/64 HPs)
             Began as a Minotaur Hunter on Aug 11, 2020.
             Was a Follower of Elyvilon.
             Mangled by an ogre
             ... wielding a cursed -1 giant spiked club
              (18 damage)
             ... on level 7 of the Dungeon.
             The game lasted 00:07:41 (5747 turns).

vurker the Skirmisher (Minotaur Hunter)             Turns: 5747, Time: 00:07:41

Health: -8/64      AC: 11    Str: 19    XL:     7   Next: 36%
Magic:  8/8        EV:  7    Int:  8    God:    Elyvilon [*.....]
Gold:   325        SH:  6    Dex:  6    Spells: 6/6 levels left

rFire    + . .     SeeInvis .   n - +0 short sword
rCold    . . .     Faith    .   x - +3 buckler "Ewkigeps" {*Corrode rPois rF+}
rNeg     . . .     Spirit   .   g - +0 chain mail
rPois    +         Reflect  .   (helmet restricted)
rElec    .         Harm     .   m - +0 cloak
rCorr    +                      r - +1 pair of gloves
MR       .....                  (no boots)
Stlth    ..........             (no amulet)
HPRegen  0.20/turn              f - ring of resist corrosion
MPRegen  0.11/turn              w - -4 ring of dexterity (curse)

@: marked
A: retaliatory headbutt, horns 2
a: Lesser Healing, Divine Protection, Renounce Religion


You were on level 7 of the Dungeon.
You worshipped Elyvilon.
Elyvilon was aware of your devotion.
You visited 2 branches of the dungeon, and saw 8 of its levels.

You collected 325 gold pieces.

Inventory:

Hand Weapons
 n - a +0 short sword (weapon)
   (You found it on level 3 of the Dungeon)
Missiles
 c - 6 javelins (quivered)
 o - 2 throwing nets
Armour
 g - a +0 chain mail (worn)
   (You found it on level 1 of the Dungeon)
 m - a +0 cloak (worn)
   (You found it on level 3 of the Dungeon)
 r - a +1 pair of gloves (worn)
   (You found it on level 5 of the Dungeon)
 x - the +3 buckler "Ewkigeps" (worn) {*Corrode rPois rF+}
   (You found it on level 7 of the Dungeon)

   It protects you from fire.
   It protects you from poison.
   It may corrode you when you take damage.
Jewellery
 f - a ring of resist corrosion (left hand)
   (You found it on level 4 of the Dungeon)
 w - a cursed -4 ring of dexterity (right hand)
   (You found it on level 6 of the Dungeon)
Wands
 d - a wand of iceblast (5)
   (You found it on level 4 of the Dungeon)
 q - a wand of clouds (4)
   (You found it on level 4 of the Dungeon)
 u - a wand of paralysis (17)
   (You found it on level 5 of the Dungeon)
Scrolls
 e - 2 scrolls of immolation
 h - 2 scrolls of identify
 i - 4 scrolls of remove curse
 k - a scroll of enchant weapon
 s - 4 scrolls of teleportation
 t - a scroll of fog
 y - a scroll of vulnerability {unknown}
 z - a scroll of blinking {unknown}
Potions
 a - 3 potions of heal wounds
 b - a potion of flight
 j - 2 potions of curing
 l - a potion of berserk rage
 p - a potion of mutation {unknown}
 v - 3 potions of lignification
 A - a potion of resistance {unknown}


   Skills:
 + Level 6.6 Fighting
 + Level 6.6 Throwing
 - Level 2.1 Dodging
 - Level 0.7 Stealth
 + Level 1.2 Shields
 + Level 2.7 Invocations


You had 6 spell levels left.
You didn't know any spells.
Your spell library contained the following spells:

 Spells                   Type           Power        Failure   Level
 Corona                   Hex            #......      100%        1
 Ensorcelled Hibernation  Hex/Ice        #.....       100%        2
 Slow                     Hex            #.......     100%        2
 Confusing Touch          Hex            #.......     100%        3
 Dazzling Flash           Conj/Hex       #.....       100%        3
 Portal Projectile        Hex/Tloc       #.....       100%        3
 Tukima's Dance           Hex            #.......     100%        3
 Animate Dead             Necr           #.........   100%        4
 Discord                  Hex            #.........   100%        8


Dungeon Overview and Level Annotations

Branches:
Dungeon (7/15)             Temple (1/1) D:5

Altars:
Ashenzari
Cheibriados
Elyvilon
Gozag
Makhleb
Nemelex Xobeh
Okawaru
Qazlal
Ru
Sif Muna
Trog
Uskayaw
Wu Jian
Xom
Yredelemnul
Zin
The Shining One

Shops:
D:6 [


Innate Abilities, Weirdness & Mutations

You reflexively headbutt those who attack you in melee.
You have a pair of horns on your head.


Message History

The bullfrog skeleton closely misses you.
You hit the bullfrog skeleton.
The bullfrog skeleton hits you but does no damage.
You hit the bullfrog skeleton.
The bullfrog skeleton hits you but does no damage.
The ogre hits you with a cursed -1 giant spiked club!
The bullfrog skeleton barely misses you.
You hit the bullfrog skeleton.
You destroy the bullfrog skeleton!
The ogre hits you with a cursed -1 giant spiked club!!
* * * LOW HITPOINT WARNING * * *
Unknown command.
You hit the ogre. The ogre closely misses you.
Your chain mail prevents you from hitting the ogre.
You headbutt the ogre! You hit the ogre.
The ogre hits you with a cursed -1 giant spiked club.
* * * LOW HITPOINT WARNING * * *
Unknown command.
You hit the ogre.
The ogre hits you with a cursed -1 giant spiked club!!
* * * LOW HITPOINT WARNING * * *
You are healed.
The ogre barely misses you. You furiously retaliate!
You headbutt the ogre, but do no damage.
You hit the ogre. You block the ogre's attack.
Your chain mail prevents you from hitting the ogre.
You hit the ogre. You headbutt the ogre.
The ogre hits you with a cursed -1 giant spiked club.
* * * LOW HITPOINT WARNING * * *
There is an open door here.
You hit the ogre.
The ogre hits you with a cursed -1 giant spiked club!
* * * LOW HITPOINT WARNING * * *
Unknown command.
There is an open door here.
You are healed.
The ogre hits you with a cursed -1 giant spiked club!
* * * LOW HITPOINT WARNING * * *
There is an open door here.
You close the door.
Something unseen opens the door.
Really walk onto that alarm trap?
You set off the alarm!
The alarm trap emits a blaring wail!
A sentinel's mark forms upon you. As you open the door, it creaks loudly!
Found a scroll of identify.
Found a stone staircase leading down.
There is an open door here.
The ogre hits you with a cursed -1 giant spiked club!!
You die...

######### #####
........# ### #...#
....?...# #.####.#.#
........# #.##..|..#
........#####....#.###
........##<........#
........'.....#..###
.......O#######..####
.......@# ###.....#
........# #....####
........# ##.#.##
######### #....#
#..##### #..# #.#
....# #..###.# .<..#
#......# ....#
######.##..#


You could see an ogre.

Vanquished Creatures
  A sky beast (D:6)
  A necrophage (D:7)
  2 bullfrogs (D:6)
  2 scorpions
  A hound (D:6)
  A bullfrog skeleton (D:7)
  A centaur skeleton (D:4)
  An iguana (D:5)
  A worker ant (D:4)
  7 adders
  A howler monkey skeleton (D:6)
  A white imp (D:7)
  4 worms
  A dart slug (D:2)
  A leopard gecko (D:6)
  6 orcs
  2 ball pythons
  5 giant cockroaches
  2 goblins (D:3)
  2 hobgoblins (D:1)
  10 jackals (D:1)
  A kobold (D:1)
  2 quokkas
  8 bats
  A frilled lizard (D:2)
  A leopard gecko skeleton (D:7)
  13 rats
79 creatures vanquished.

Notes
Turn   | Place    | Note
-------+----------+-------------------------------------------
     0 | D:1      | vurker the Minotaur Hunter began the quest for the Orb.
     0 | D:1      | Reached XP level 1. HP: 18/18 MP: 0/0
   200 | D:1      | Reached XP level 2. HP: 19/25 MP: 1/1
  1103 | D:2      | Reached XP level 3. HP: 21/31 MP: 2/2
  1252 | D:2      | Noticed a scorpion
  1260 | D:2      | Killed a scorpion
  1260 | D:2      | Reached XP level 4. HP: 14/40 MP: 3/3
  1500 | D:2      | Reached skill level 5 in Throwing
  1598 | D:2      | Found a glowing golden altar of the Shining One.
  1598 | D:2      | Found a burning altar of Makhleb.
  1780 | D:2      | Found a sparkling altar of Nemelex Xobeh.
  2899 | D:4      | Identified the Tome of Captivating Evil
  2945 | D:4      | Reached skill level 5 in Fighting
  2945 | D:4      | Reached XP level 5. HP: 13/48 MP: 4/4
  3191 | D:4      | Noticed a moth of wrath
  3194 | D:4      | Found a bloodstained altar of Trog.
  3848 | D:5      | Entered Level 5 of the Dungeon
  3848 | D:5      | Found a staircase to the Ecumenical Temple.
  3858 | Temple   | Entered the Ecumenical Temple
  3898 | Temple   | Became a worshipper of Elyvilon the Healer
  4328 | D:5      | Reached XP level 6. HP: 45/56 MP: 5/5
  4403 | D:5      | Got a heavily jewelled robe
  4475 | D:6      | Noticed a sky beast
  4497 | D:6      | Killed a sky beast
  4497 | D:6      | Reached skill level 1 in Invocations
  4772 | D:6      | Reached * piety under Elyvilon
  4986 | D:6      | Reached XP level 7. HP: 57/64 MP: 7/7
  5226 | D:6      | Found Noliy's Armour Shoppe.
  5512 | D:7      | Got a dazzling buckler
  5518 | D:7      | Identified the +3 buckler "Ewkigeps" {*Corrode rPois rF+}
                  | (You found it on level 7 of the Dungeon)
  5640 | D:7      | Reached skill level 1 in Shields
  5747 | D:7      | Mangled by an ogre

Illustrated notes

Levels and vault maps discovered:
D:1:      giann_wishing_wells, layout_loops_cross
D:2:      layout_basic, nemelex_altar_shiori,
          chequers_temple_overflow_statue_of_worship
D:3:      layout_basic, grunt_ministairs_10
D:4:      layout_gridville, tgw_trog, small_statue_intersection
D:5:      layout_loops_cross, temple_statues
D:6:      layout_basic, serial_shops, nicolae_shop_statue_plus
D:7:      layout_basic, serial_shops, shop
Temple:   eino_temple_lava

Skill      XL: |  1  2  3  4  5  6  7 |
---------------+----------------------+-----
Fighting       | 3 4 5 6 |  6.6
Throwing       | 5 6 |  6.6
Invocations    | 2 |  2.7
Shields        | 1 |  1.2
Dodging        | |  2.1
Stealth        | |  0.7

Action                   |  1- 3 |  4- 6 |  7- 9 || total
-------------------------+-------+-------+-------++-------
Melee: Short sword       |    64 |   203 |    42 ||   309
       Headbutt          |    10 |    44 |     9 ||    63
Invok: Lesser Healing    |       |       |     2 ||     2
  Use: Potion            |       |     2 |       ||     2
       Scroll            |       |    11 |     1 ||    12
Armor: Leather armour    |     4 |       |       ||     4
       Chain mail        |    38 |   132 |    22 ||   192
Dodge: Dodged            |    32 |    66 |    14 ||   112
Block: Buckler           |       |       |    12 ||    12

Table legend: (Time is in decaauts)
 A = Elapsed time spent in this place.
 B = Non-inter-level travel time spent in this place.
 C = Inter-level travel time spent in this place.
 D = Time resting spent in this place.
 E = Time spent auto-exploring this place.
 F = Levels seen in this place.
 G = Mean time per level.
                   A        B        C        D        E       F      G
               +--------+--------+--------+--------+--------+-----+--------+
         Total |   5777 |   5613 |    164 |    176 |   4660 |   8 |  722.1 |
       Dungeon |   5728 |   5572 |    156 |    176 |   4632 |   7 |  818.3 |
        Temple |     49 |     41 |      8 |      0 |     28 |   1 |   49.0 |
               +--------+--------+--------+--------+--------+-----+--------+

Top non-repeatable levels by time:
     D:1: 1083 daAuts
     D:2: 1017 daAuts
     D:4: 977 daAuts
     D:6: 859 daAuts
     D:3: 786 daAuts
     D:5: 763 daAuts
     D:7: 241 daAuts
  Temple: 49 daAuts
